 Dungeon Crawl Stone Soup version 0.30-a0-802-gb92711bcdf (webtiles) character file.

Game seed: 11719128450275209133

835 dolemite99 the Magician (level 8, 0/60 HPs)
             Began as a Djinni Conjurer on Feb 24, 2023.
             Was a Follower of Dithmenos.
             Slain by Edmund
             ... wielding a +4 dire flail of draining
              (8 damage)
             ... on level 5 of the Dungeon.
             The game lasted 00:07:31 (5913 turns).

dolemite99 the Magician (Djinni Conjurer)           Turns: 5913, Time: 00:07:32

Health: 0/60       AC:  7    Str:  6    XL:     8   Next: 19%
Gold:   210        EV: 12    Int: 22    God:    Dithmenos [*.....] SH:  0 Dex: 12

rFire   + + .      SeeInvis .    a - staff of cold
rCold   . . .      Faith    .    (no shield)
rNeg    . . .      Spirit   .    C - +0 robe
rPois   ∞          Reflect  .    g - +0 helmet
rElec   .          Harm     .    (no cloak)
rCorr   .          Rampage  .    (no gloves)
Will    .....                    (boots unavailable)
Stlth   ++                       (no amulet)
HPRegen 0.30/turn                c - +4 ring of protection
MPRegen 0.00/turn                (no ring)

@: flying, wreathed by umbra
A: sickness immunity, fire resistance 2, cold vulnerability 1, float, innate
caster, HP casting, extra vitality 1
a: Renounce Religion


You were on level 5 of the Dungeon.
You worshipped Dithmenos.
Dithmenos was aware of your devotion.
You visited 1 branch of the dungeon, and saw 6 of its levels.

You collected 210 gold pieces.

Inventory:

Hand Weapons
 d - a +0 dagger
 f - a +1 flail of protection
 i - a +1 war axe
 u - a +1 dagger of holy wrath
 A - a +0 long sword
 B - a +0 sling
Missiles
 t - 2 poisoned darts
 x - 3 boomerangs
 z - 5 curare-tipped darts
Armour
 g - a +0 helmet (worn)
 h - a +0 buckler
 C - a +0 robe (worn)
Magical Staves
 a - a staff of cold (weapon)
Jewellery
 c - a +4 ring of protection (left hand)
 m - a ring of wizardry
Wands
 p - a wand of flame (72)
 q - a wand of digging (7)
 s - a wand of light (11)
Scrolls
 j - 2 scrolls of immolation
 l - a scroll of magic mapping
 w - 4 scrolls of teleportation
Potions
 e - a potion of curing
 k - a potion of attraction {unknown}
 n - 2 potions of might
 o - a potion of brilliance {unknown}
 r - a potion of heal wounds {unknown}
 v - a potion of lignification {unknown}


   Skills:
 + Level 5.5 Fighting
 - Level 2.1 Dodging
 - Level 1.5 Stealth
 + Level 6.0 Spellcasting


You knew the following spells:

 Your Spells              Type           Power      Damage    Failure   Level
a - Magic Dart            Conj           100%       1d8       1%          1
b - Searing Ray           Conj           66%        2d6       1%          2
c - Dazzling Flash        Conj/Hex       66%        N/A       2%          3
d - Fulminant Prism       Conj/Hex       16%        3d10      8%          4
e - Iskenderun's Mystic   Conj/Tloc      33%        2d8       8%          4
f - Shock                 Conj/Air       100%       1d9       1%          1
g - Ensorcelled Hibernat  Hex/Ice        98%        N/A       1%          2
h - Passwall              Tmut/Erth      27%        N/A       1%          2
Your spell library was empty.

Dungeon Overview and Level Annotations

Branches:
Dungeon (6/15)             Temple (0/1) D:4

Altars:
Dithmenos
Fedhas

Annotations:
D:4 1 runed translucent door, asti's ghost, amateur MiBe
D:5 Dowan; Duvessa; Edmund; Grinder


Innate Abilities, Weirdness & Mutations

You are immune to sickness and miasma.
You are immune to poison.
Your flesh is very heat resistant. (rF++)
You are vulnerable to cold. (rC-)
You float through the air rather than walking.
You learn spells naturally, not from books.
Your magical power is your life essence.
You have superior vitality. (+4 MHP)


Message History

Edmund closely misses you.
The searing ray hits Edmund.
Edmund is lightly wounded.
You finish channelling your searing ray.
Edmund hits you with a +4 dire flail of draining!
Casting: Searing Ray (safe; 1% risk of failure)
Confirm with . or Enter, or press ? or * to list all spells.
Okay, then.
Casting: Searing Ray (safe; 1% risk of failure)
Confirm with . or Enter, or press ? or * to list all spells.
Casting: Dazzling Flash (dangerous; 2% risk of failure)
Press: ? - help, Dir - look around, f - activate Edmund is dazzled.
Edmund hits you with a +4 dire flail of draining.
Casting: Dazzling Flash (dangerous; 2% risk of failure)
Confirm with . or Enter, or press ? or * to list all spells.
Aiming: Fulminant Prism (dangerous; 8% risk of failure)
Press: ? - help, Dir - move target You conjure a prism of explosive energy!
A fulminant prism comes into view.
Edmund hits you with a +4 dire flail of draining!
Your fulminant prism crackles loudly.
Edmund completely misses you.
Your fulminant prism explodes!
Edmund is no longer blind.
Edmund hits you with a +4 dire flail of draining!
Casting: Fulminant Prism (dangerous; 8% risk of failure)
Confirm with . or Enter, or press ? or * to list all spells.
Aiming: Searing Ray (safe; 1% risk of failure)
Press: ? - help, Shift-Dir - straight line, f - Edmund
Aim: Edmund, wielding a +4 dire flail of draining and wearing a +1 scale mail of fire resistance (lightly wounded, umbra, 83% to hit)
The searing ray hits Edmund.
Edmund is moderately wounded. (Press . to maintain the ray.)
* * * LOW HITPOINT WARNING * * *
Edmund hits you with a +4 dire flail of draining!
* * * LOW HITPOINT WARNING * * *
You feel better.
Edmund hits you with a +4 dire flail of draining!
You die...

### ..# #.#
..# #.#..#
#.#
#.#..###.#
#.......@#
....###@#
#.... #.# #
#.#.# #.# .##
#.#.####[#
..##
#........#
...##
##.#.######
....####....#
....'.......#
...(####....#


You could see Edmund.

Vanquished Creatures
  An ogre (D:4)
  A kobold brigand (D:5)
  A phantom (D:4)
  Blork the orc (D:5)
  A scorpion (D:4)
  A howler monkey (D:4)
  3 hounds
  2 jellies
  5 orc wizards (D:4)
  4 adders
  A shadow imp (D:5)
  An ufetubus (D:6)
  3 worms (D:2)
  2 dart slugs
  14 orcs
  6 bats
  An endoplasm (D:1)
  3 giant cockroaches
  5 hobgoblins
  11 jackals
  7 quokkas
  6 ball pythons
  4 frilled lizards (D:1)
  8 goblins
  10 kobolds
  2 rats (D:1)
104 creatures vanquished.

Vanquished Creatures (others)
  3 fulminant prisms
  7 plants (D:2)
10 creatures vanquished.

Grand Total: 114 creatures vanquished

Notes
Turn   | Place    | Note
-------+----------+-------------------------------------------
     0 | D:1      | dolemite99 the Djinni Conjurer began the quest for the Orb.
     0 | D:1      | dolemite99 set off with the following spells memorised:
                  | Magic Dart, Searing Ray, Dazzling Flash, Fulminant Prism,
                  | Iskenderun's Mystic Blast.
     0 | D:1      | Reached XP level 1. HP: 15/15 MP: 0/0
    92 | D:1      | Reached XP level 2. HP: 12/21 MP: 0/0
   752 | D:1      | Reached XP level 3. HP: 23/25 MP: 0/0
   752 | D:1      | Learned a level 1 spell: Shock
   902 | D:1      | Reached skill level 4 in Spellcasting
  1506 | D:2      | Found a shadowy altar of Dithmenos.
  1514 | D:2      | Became a worshipper of Dithmenos the Shadowed
  1543 | D:2      | Reached XP level 4. HP: 25/31 MP: 0/0
  1664 | D:2      | Reached skill level 1 in Fighting
  2603 | D:3      | Reached XP level 5. HP: 36/38 MP: 0/0
  2603 | D:3      | Learned a level 2 spell: Ensorcelled Hibernation
  2985 | D:4      | Found a blossoming altar of Fedhas.
  3184 | D:4      | Reached * piety under Dithmenos
  3185 | D:4      | Reached XP level 6. HP: 43/45 MP: 0/0
  3419 | D:4      | Reached skill level 5 in Spellcasting
  3476 | D:4      | Found a staircase to the Ecumenical Temple.
  3572 | D:4      | Reached XP level 7. HP: 49/51 MP: 0/0
  3572 | D:4      | Learned a level 2 spell: Passwall
  4193 | D:4      | Found a runed translucent door.
  4193 | D:4      | Noticed asti's ghost (amateur MiBe)
  4371 | D:5      | Entered Level 5 of the Dungeon
  4430 | D:5      | Noticed Grinder
  4628 | D:5      | Reached skill level 5 in Fighting
  4711 | D:5      | Noticed Blork the orc
  4730 | D:5      | Killed Blork the orc
  4731 | D:5      | Reached XP level 8. HP: 30/59 MP: 0/0
  5173 | D:5      | Noticed Duvessa
  5173 | D:5      | Noticed Dowan
  5243 | D:5      | Reached skill level 6 in Spellcasting
  5889 | D:5      | Noticed Edmund
  5912 | D:5      | HP: 3/60 [Edmund/+4 dire flail of draining (15)]
  5913 | D:5      | Slain by Edmund

Illustrated notes

Levels and vault maps discovered:
D:1:      dpeg_arrival_orchard, layout_basic, serial_curves, eino_curves_01,
          eino_curves_04
D:2:      minmay_angry_zag, layout_loops_corners, basic_altar,
          guppyfry_early_lair_pool
D:3:      layout_basic
D:4:      layout_cave_pods, lemuel_round_altar, minmay_temple_entry_ruins,
          portal_sewer_entry_d, gammafunk_ghost_grave, hangedman_feature_mirror
D:5:      layout_loops_corners, lemuel_coloured_pillars_altar,
          hangedman_abyss_or_decor_stabs, uniq_grinder, uniq_blork_the_orc,
          uniq_duvessa, uniq_edmund
D:6:      layout_gridville, mainiacjoe_overflow_six_doors_small,
          amcnicky_altar_gilded, kennysheep_slug_shrine,
          nicolae_ossuary_entry_giza

Skill      XL: |  1  2  3  4  5  6  7  8 |
---------------+-------------------------+-----
Spellcasting   | 4 5 6 |  6.0
Fighting       | 1 2 3 5 |  5.5
Dodging        | |  2.1
Stealth        | |  1.5

Action                     |  1- 3 |  4- 6 |  7- 9 || total
---------------------------+-------+-------+-------++-------
  Melee: Dagger            |     7 |       |       ||     7
         War axe           |     4 |       |       ||     4
         Flail             |       |    12 |     6 ||    18
         Staff             |       |       |     8 ||     8
   Cast: Magic Dart        |    65 |    49 |    61 ||   175
         Searing Ray       |    10 |    16 |    16 ||    42
         Dazzling Flash    |       |     2 |     2 ||     4
         Fulminant Prism   |       |       |     3 ||     3
    Use: Scroll            |     3 |     4 |     6 ||    13
         Potion            |       |       |     3 ||     3
 Armour: Robe              |    10 |    21 |    18 ||    49
  Dodge: Dodged            |    24 |    26 |    80 ||   130

Table legend: (Time is in decaauts)
 A = Elapsed time spent in this place.
 B = Non-inter-level travel time spent in this place.
 C = Inter-level travel time spent in this place.
 D = Time resting spent in this place.
 E = Time spent auto-exploring this place.
 F = Levels seen in this place.
 G = Mean time per level.
                   A        B        C        D        E       F      G
               +--------+--------+--------+--------+--------+-----+--------+
         Total |   5923 |   5682 |    241 |   1389 |   3180 |   6 |  987.2 |
       Dungeon |   5923 |   5682 |    241 |   1389 |   3180 |   6 |  987.2 |
               +--------+--------+--------+--------+--------+-----+--------+

Top non-repeatable levels by time:
     D:5: 1337 daAuts
     D:4: 1206 daAuts
     D:3: 1136 daAuts
     D:2: 1067 daAuts
     D:1: 1029 daAuts
     D:6: 146 daAuts
